 Dungeon Crawl Stone Soup version 0.30.0-29-ga12c61a403 (webtiles) character file.

Game seed: 4730434369588878624

553987 Dadbod the Executioner (level 25, -8/307 HPs)
             Began as a Demonspawn Fighter on June 22, 2023.
             Was the Champion of Jiyva.
             Killed by the raging water
             ... invoked by a water nymph
              (22 damage)
             ... on level 3 of the Shoals on June 23, 2023.
             The game lasted 04:30:01 (50567 turns).

Dadbod the Executioner (Demonspawn Fighter)        Turns: 50567, Time: 04:30:02

Health: -8/307     AC: 52    Str: 27    XL:     25   Next: 14%
Magic:  46/46      EV: 10    Int: 11    God:    Jiyva [******]
Gold:   2855       SH: 27    Dex: 15    Spells: 30/41 levels left

rFire   + . .        b - +5 broad axe (vamp)
rCold   + + +        X - +2 tower shield {rC+}
rNeg    + . .        F - +1 gold dragon scales
rPois   +            (helmet restricted)
rElec   +            Z - +2 cloak of the Jabberwock {Regen+}
rCorr   +            (gloves unavailable)
SInv    .            h - +2 pair of boots {Fly}
Will    ++...        g - amulet of regeneration Stlth
                     m - ring of the Tortoise {AC+8}
HPRegen 3.91/turn    z - ring "Kuac" {rElec rN+ Slay+4}
MPRegen 0.80/turn

%: no passive effects
@: berserking, engulfed (cannot breathe), flying, studying 2 skills, very quick
A: claws 3, icy blue scales 3, icemail 2, augmentation 2, condensation shield,
demonic magic 3, fangs 2, horns 1, talons 1, camouflage 1, high MP 3,
strong-willed 1, mutation resistance 1, shaggy fur 3, strong 1, acidic bite,
gelatinous body 1
}: 3/15 runes: slimy, silver, gossamer
a: Renounce Religion, Oozemancy, Slimify


You were on level 3 of the Shoals.
You worshipped Jiyva.
Jiyva was exalted by your worship.
You visited 11 branches of the dungeon, and saw 50 of its levels.
You visited the Abyss 1 time.
You also visited: Ice Cave, Volcano and Wizlab.

You collected 7393 gold pieces.
You spent 4538 gold pieces at shops.

Inventory:

Hand Weapons
 a - a +6 broad axe of electrocution
 b - a +5 vampiric broad axe (weapon)
 i - a +3 war axe of flaming
 p - a +5 executioner's axe
Missiles
 f - 11 curare-tipped darts
 r - 56 poisoned darts (quivered)
 w - 5 throwing nets
 D - 10 javelins
Armour
 h - a +2 pair of boots of flying (worn)
 F - +1 gold dragon scales (worn)
 R - a +2 helmet
 X - a +2 tower shield of cold resistance (worn)
 Z - the +2 cloak of the Jabberwock (worn) {Regen+}
   (You found it in a wizard's laboratory)

   Regen:     It increases your rate of health regeneration.
Jewellery
 g - an amulet of regeneration (around neck)
 l - the ring of Buitupte {rF+ rN+}
   (You found it on level 3 of the Crypt)

   [ring of positive energy]

   rF:        It protects you from fire.
   rN:        It protects you from negative energy.
 m - the ring of the Tortoise (left claw) {AC+8}
   (You bought it in a shop on level 2 of the Orcish Mines)

   [ring of protection]

   AC:        It affects your AC (+8).
 z - the ring "Kuac" (right claw) {rElec rN+ Slay+4}
   (You found it on level 14 of the Dungeon)

   [ring of slaying]

   Slay:      It affects your accuracy & damage with ranged weapons and melee
   (+4).
   rElec:     It insulates you from electricity.
   rN:        It protects you from negative energy.
 M - the ring "Urghos" {rN+ Str+2}
   (You found it on level 3 of the Crypt)

   [ring of positive energy]

   Str:       It affects your strength (+2).
   rN:        It protects you from negative energy.
 U - the ring of Cusaexij {rC+ SInv}
   (You found it on level 5 of the Pits of Slime)

   [ring of see invisible]

   rC:        It protects you from cold.
   SInv:      It lets you see invisible.
 Y - the ring "Joib" {rPois rC+ Str+6}
   (You took it off a rakshasa on level 1 of the Depths)

   [ring of protection from cold]

   Str:       It affects your strength (+6).
   rC:        It protects you from cold.
   rPois:     It protects you from poison.
Wands
 s - a wand of mindburst (39)
 y - a wand of paralysis (35)
 C - a wand of iceblast (32)
 G - a wand of flame (88)
 I - a wand of quicksilver (26)
 K - a wand of digging (9)
Scrolls
 c - 3 scrolls of magic mapping
 e - 5 scrolls of blinking
 k - 4 scrolls of fog
 n - 19 scrolls of teleportation
 t - a scroll of silence
 u - 2 scrolls of brand weapon
 A - 22 scrolls of identify
 H - 5 scrolls of immolation
 P - a scroll of summoning
 V - 2 scrolls of vulnerability
Potions
 d - 12 potions of might
 j - 15 potions of curing
 q - 4 potions of cancellation
 v - 7 potions of mutation
 x - 3 potions of haste
 B - 7 potions of lignification
 E - a potion of attraction
 N - a potion of berserk rage
 S - 2 potions of invisibility
 T - a potion of resistance
Miscellaneous
 J - a lightning rod (4/4)
 L - a tin of tremorstones (2/2)
 Q - a phantom mirror


   Skills:
 - Level 18.4 Fighting
 - Level 22.8 Axes
 - Level 12.6 Throwing
 - Level 15.1 Armour
 - Level 10.5 Dodging
 - Level 11.6 Stealth
 - Level 18.5 Shields
 - Level 8.8 Spellcasting
 - Level 5.0 Transmutations
 + Level 3.4 Air Magic
 - Level 3.0 Earth Magic
 + Level 3.7 Poison Magic
 - Level 14.0 Evocations


You had 30 spell levels left.
You knew the following spells:

 Your Spells              Type           Power      Damage    Failure   Level
a - Lee's Rapid Deconstr  Erth           5%         3d6*      100%        5
b - Leda's Liquefaction   Hex/Erth       4%         N/A       100%        4
c - Wereblood             Tmut           15%        N/A       71%         2

Your spell library contained the following spells:

 Spells                   Type           Power      Damage    Failure   Level
 Beastly Appendage        Tmut           30%        N/A       56%         1
 Sandblast                Erth           22%        2d7       83%         1
 Passwall                 Tmut/Erth      10%        N/A       83%         2
 Cigotuvi's Dreadful Rot  Necr/Pois/Air  20%        N/A       96%         2
 Necrotise                Necr           16%        1d4       99%         1
 Summon Small Mammal      Summ           16%        N/A       99%         1
 Ignite Poison            Fire/Tmut/Pois 11%        N/A       99%         3
 Blink                    Tloc           8%         N/A       100%        2
 Sublimation of Blood     Necr           4%         N/A       100%        2
 Call Canine Familiar     Summ           4%         N/A       100%        3
 Frozen Ramparts          Ice            8%         1d2       100%        3
 Portal Projectile        Hex/Tloc       8%         N/A       100%        3
 Stone Arrow              Conj/Erth      16%        3d8       100%        3
 Summon Guardian Golem    Hex/Summ       4%         N/A       100%        3
 Vampiric Draining        Necr           4%         2d6       100%        3
 Vhi's Electric Charge    Tloc/Air       16%        N/A       100%        3
 Volatile Blastmotes      Fire/Tloc      8%         2d10      100%        3
 Animate Armour           Summ/Erth      16%        N/A       100%        4
 Animate Dead             Necr           4%         N/A       100%        4
 Cause Fear               Hex            2%         N/A       100%        4
 Dispel Undead            Necr           4%         3d7       100%        4
 Fulminant Prism          Conj/Hex       2%         3d5       100%        4
 Ice Form                 Ice/Tmut       10%        N/A       100%        4
 Iskenderun's Mystic Bla  Conj/Tloc      4%         2d3       100%        4
 Manifold Assault         Tloc           4%         N/A       100%        4
 Olgreb's Toxic Radiance  Pois           13%        N/A       100%        4
 Petrify                  Tmut/Erth      13%        N/A       100%        4
 Sticky Flame             Conj/Fire      4%         2d3       100%        4
 Summon Ice Beast         Ice/Summ       4%         N/A       100%        4
 Agony                    Necr           4%         N/A       100%        5
 Arcjolt                  Conj/Air       4%         1d14      100%        5
 Borgnjor's Vile Clutch   Necr/Erth      4%         N/A       100%        5
 Fireball                 Conj/Fire      2%         3d4       100%        5
 Freezing Cloud           Conj/Ice/Air   3%         6-21      100%        5
 Irradiate                Conj/Tmut      5%         3d13      100%        5
 Iskenderun's Battlesphe  Conj           4%         2d6       100%        5
 Conjure Ball Lightning   Conj/Air       4%         3x3d6     100%        6
 Death Channel            Necr           2%         N/A       100%        6
 Iron Shot                Conj/Erth      4%         9d2       100%        6
 Plasma Beam              Fire/Air       4%         2x1d15    100%        6
 Statue Form              Tmut/Erth      8%         N/A       100%        6
 Summon Cactus Giant      Summ           2%         N/A       100%        6
 Dragon Form              Tmut           7%         N/A       100%        7
 Enfeeble                 Hex            2%         N/A       100%        7
 Haunt                    Necr/Summ      2%         N/A       100%        7
 Malign Gateway           Summ/Tloc      2%         N/A       100%        7
 Monstrous Menagerie      Summ           2%         N/A       100%        7
 Orb of Destruction       Conj           2%         9d5       100%        7
 Spellforged Servitor     Conj/Summ      2%         N/A       100%        7
 Storm Form               Tmut/Air       7%         N/A       100%        7
 Summon Hydra             Summ           2%         N/A       100%        7
 Discord                  Hex            2%         N/A       100%        8
 Ignition                 Fire           2%         3d3       100%        8
 Infestation              Necr           2%         N/A       100%        8
 Lehudib's Crystal Spear  Conj/Erth      4%         10d3      100%        8
 Necromutation            Tmut/Necr      5%         N/A       100%        8
 Summon Horrible Things   Summ           2%         N/A       100%        8
 Chain Lightning          Conj/Air       4%         3d5       100%        9
 Dragon's Call            Summ           2%         N/A       100%        9
 Fire Storm               Conj/Fire      2%         8d1       100%        9
 Shatter                  Erth           5%         3d8*      100%        9


Dungeon Overview and Level Annotations

Branches:
Dungeon (15/15)            Temple (0/1) D:5            Lair (5/5) D:8
 Shoals (3/4) Lair:2       Spider (4/4) Lair:3        Slime (5/5) Lair:5
    Orc (2/2) D:9             Elf (3/3) Orc:2        Vaults (5/5) D:13
  Crypt (3/3) Vaults:3       Tomb (0/3) Crypt:3      Depths (4/4) D:15
    Zot (1/5) Depths:4      IceCv (visited)         Volcano (visited)
 WizLab (visited)

Altars:
Cheibriados
Fedhas
Gozag
Hepliaklqana
Kikubaaqudgha
Nemelex Xobeh
Okawaru
Ru
Trog
Vehumet
Xom
Yredelemnul
Jiyva

Shops:
D:3 :   D:4 **   D:10 (   Orc:1 [   Orc:2 [*([(=   Elf:1 :   Vaults:3 ?
Depths:2 [!

Portals:
Hell: Depths:1 Depths:2 Depths:3 Depths:4
Abyss: Depths:1 Depths:3
Pandemonium: Depths:2
Ziggurat: Depths:3
Trove: Elf:3 (give 16 potions of curing)

Annotations:
D:15 1 runed translucent door, alvan145's ghost, journeyman HOFi
Shoals:3 Ilsuiw
Slime:5 Royal Jelly
Depths:1 3 runed translucent doors, Caat Rau's ghost, adept DgCj


Innate Abilities, Weirdness & Mutations

You have claws for hands.
You are completely covered in icy blue scales. (AC +4, rC+)
A meltable icy envelope protects you from harm. (AC +8)
Your magical and physical power is enhanced at high health.
A meltable shield of frost defends you. (SH +4)
Spells you cast and wands you use may paralyse nearby enemies.
You have extremely sharp teeth.
You have a pair of small horns on your head.
You have sharp toenails.
Your skin changes colour to match your surroundings (Stealth+).
You have a greatly increased reservoir of magic. (+30% MP)
You are strong-willed. (Will+)
You are somewhat resistant to further mutation.
Your thick and shaggy fur keeps you warm. (AC +3, rC+)
Your muscles are strong. (Str +4, Int/Dex -1)
You have acidic saliva.
Your rubbery body absorbs attacks. (AC +1, EV +1)


Message History

The water nymph's watery aura covers the stone staircase leading up.
The merfolk impaler closely misses you.
The faun unwields a +0 sling.
The faun wields a +0 quarterstaff.
The faun hits you but does no damage.
The water nymph touches the jelly.
The water nymph is burned by acid!
Ilsuiw hits you but does no damage.
You block the alligator snapping turtle's attack.
You open the merfolk like a pillowcase!!!
You feel better.
You kill the merfolk!
You hear a splash.
You slice the faun!! You hit the water elemental.
* * * LOW HITPOINT WARNING * * *
Your lungs strain for air!
The merfolk impaler hits you but does no damage.
The merfolk javelineer throws a silver javelin.
The silver javelin pierces through you.
* * * LOW HITPOINT WARNING * * *
The silver sears you!
* * * LOW HITPOINT WARNING * * *
The silver javelin pierces through the merfolk!!
You block the water elemental's attack.
The jelly closely misses the water nymph.
You hear a distant slurping noise.
Unknown command.
Unknown command.
Unknown command.
Unknown command.
Unknown command.
You slice the faun!!
You kill the faun!
You hear a splash. x2
You barely miss the water elemental.
* * * LOW HITPOINT WARNING * * *
Your lungs strain for air!
The water nymph casts a spell at you. The water rises up and strikes you!
* * * LOW HITPOINT WARNING * * *
The water nymph casts a spell at you. The water rises up and strikes you!!
You die...

~~~~≈~~~..###.~~
#.~..~≈≈~~~~~...~~~.~
.~~...≈≈~...~~cc~~~~~
~~~..~~≈≈~.~~~~~~~~..
~~~~.~~≈≈≈~H~~≈~~k~..
~~~~~~~m≈~Ek~≈~~~~~..
~~~~~m~mmmm~~≈≈≈~~#
~~~~≈mEEJ.~.≈≈≈~~~###
~~~≈≈m≈@~†~~m≈≈~~~...
~~~~~≈≈≈)~~~≈))~~....
~~~~~~tm~~~~~~~~~....
..~~~~~~~~~~~cc~~###.
...~~~~~~~~~~~~~.#
...~~~~~~~~~~~~[.#
..~~~~~~~~~~~~~~.c.
...~~~~~~~~~~~~~c~~
...~~~~~~~~~~~~


You could see Ilsuiw, an alligator snapping turtle, 2 merfolk impalers, a
merfolk javelineer, a wind drake (repels missiles), 2 merfolk, 3 fauns, a
manticore, 3 water elementals, 4 water nymphs and a neutral jelly (distracted)
(fellow slime).

Vanquished Creatures
  An ancient lich (Vaults:5)
  An orb of fire (Zot:1)
  2 juggernauts (Depths:3)
  Boris (Crypt:1)
  Bai Suzhen (Crypt:1)
  A shard shrike (IceCv)
  Saint Roka (Orc:2)
  Margery (Vaults:4)
  3 caustic shrikes (Depths:4)
  3 golden dragons
  Nikola (Elf:1)
  A Hellbinder (WizLab)
  A bone dragon (Abyss:2)
  3 tentacled monstrosities
  A shard shrike zombie (Crypt:3)
  Rupert (Lair:5)
  Jorgrun (Elf:1)
  Zenata (Elf:3)
  4 quicksilver dragons
  3 deep elf master archers
  6 liches
  3 deep elf blademasters
  A tentacled starspawn (Abyss:2)
  7 sphinxes
  5 ancient champions
  2 death cobs (Zot:1)
  Kirke (Lair:5)
  7 shadow dragons
  4 storm dragons
  Donald (Vaults:2)
  Roxanne (Shoals:2)
  2 draconian monks (Zot:1)
  2 revenants
  9 tengu reavers
  6 fire giants
  A draconian knight (Depths:4)
  4 emperor scorpions
  An iron dragon (Depths:3)
  4 deep elf sorcerers (Elf:3)
  2 draconian scorchers
  Aizul (Shoals:3)
  8 frost giants
  9 vault wardens
  A cacodemon (WizLab)
  4 deep elf elementalists (Elf:3)
  4 curse skulls
  2 ghouls (Crypt:3)
  A balrug (Depths:4)
  2 draconian shifters
  3 spriggan defenders (Depths:3)
  2 draconian annihilators (Zot:1)
  3 orc warlords
  16 ironbound preservers
  A demonspawn blood saint (WizLab)
  The ghost of ystael the Brawler, a journeyman TrFi of Wu Jian (Lair:2)
  6 broodmothers (Spider:4)
  42 very ugly things
  3 war gargoyles (Vaults:5)
  6 reapers
  13 stone giants
  2 ironbound thunderhulks (Vaults:4)
  7 deep elf demonologists
  20 vampire knights
  2 green draconians
  2 black draconians (Zot:1)
  10 deep elf annihilators
  A yellow draconian (Zot:1)
  6 purple draconians
  6 white draconians
  12 spark wasps
  5 red draconians
  9 dire elephants
  10 ettins
  4 eidola
  A green death (WizLab)
  2 blizzard demons (WizLab)
  8 deep elf death magi
  21 jiangshi
  7 fire dragons
  4 merfolk javelineers
  Josephine (Shoals:1)
  7 deep elf high priests
  3 spriggan zombies
  4 merfolk impalers
  Fannar (Lair:1)
  5 ice dragons
  30 vault guards
  6 entropy weavers
  15 yaktaur captains
  3 rakshasas
  15 ironbound frosthearts
  An Orb Guardian zombie (Crypt:1)
  An ogre mage (Vaults:5)
  3 merfolk avatars
  3 spriggan air magi
  A hell beast (WizLab)
  8 hydras
  3 spriggan skeletons (Crypt:1)
  Harold (Orc:1)
  15 centaur warriors
  A merfolk aquamancer (Shoals:1)
  2 radroaches
  7 boulder beetles
  3 death knights
  A satyr (Shoals:2)
  40 dancing weapons
  6 tengu warriors
  10 deep troll earth magi
  7 two-headed ogres
  11 vampire magi
  8 death yaks
  6 deep troll shamans
  A thrashing horror (Abyss:2)
  5 spriggan berserkers
  2 orc high priests
  3 hell knights
  3 sun demons
  5 skysharks
  Sonja (Lair:1)
  17 deep elf knights
  Amaemon (Lair:1)
  4 iron trolls
  A shadow demon (WizLab)
  A shadow wraith (Vaults:5)
  54 skeletal warriors
  An iron giant zombie (Crypt:2)
  8 pharaoh ants
  2 bunyip zombies
  4 sea snakes
  4 large abominations (Abyss:2)
  A bog body (Crypt:3)
  2 anaconda zombies (Crypt:3)
  5 flayed ghosts
  An orange crystal statue (IceCv)
  51 deep trolls
  14 deep elf archers
  8 orb spiders
  26 phantasmal warriors
  11 lindwurms
  An anaconda skeleton (Crypt:1)
  A swamp dragon (Lair:5)
  5 spriggan simulacra
  13 wizards
  12 orc knights
  3 bunyip skeletons (Crypt:1)
  A golden dragon skeleton (Vaults:3)
  6 necromancers
  17 ironbound convokers
  4 orc sorcerers
  7 steelbarb worms
  22 deep elf zephyrmancers
  21 harpies
  A fire giant zombie (Crypt:2)
  44 ugly things
  26 wolf spiders
  A faun (shapeshifter) (Elf:3)
  25 deep elf pyromancers
  A stone giant zombie (Crypt:2)
  A worldbinder (Abyss:2)
  7 fauns
  A tengu skeleton (Vaults:3)
  12 moths of wrath
  A salamander (Depths:4)
  2 iron dragon skeletons (Crypt:1)
  7 manticores
  A dire elephant zombie (Crypt:3)
  14 elephants
  A stone giant skeleton (Vaults:1)
  9 black mambas
  3 cyclopes
  7 demonic crawlers
  A merfolk siren (Shoals:2)
  5 toenail golems (Volcano)
  7 water nymphs
  4 gargoyles
  23 vault sentinels
  2 rust devils (WizLab)
  8 smoke demons
  6 dire elephant skeletons
  An apocalypse crab (Abyss:2)
  14 cane toads
  An unseen horror (Abyss:2)
  A centaur skeleton (Crypt:1)
  6 orange demons
  15 komodo dragons
  4 hellions
  A komodo dragon (shapeshifter) (D:15)
  9 torpor snails
  23 rime drakes
  2 kobold demonologists (D:9)
  A green draconian zombie (Crypt:1)
  7 freezing wraiths
  25 yaktaurs
  2 tormentors (WizLab)
  An alligator snapping turtle skeleton (Crypt:1)
  A guardian mummy (Crypt:3)
  A red devil (Depths:2)
  A death yak skeleton (Crypt:3)
  3 hellwings (WizLab)
  A catoblepas skeleton (Crypt:3)
  An ancient zyme (Abyss:2)
  An anaconda simulacrum (Shoals:2)
  7 ice devils (WizLab)
  A sea snake skeleton (Crypt:3)
  A hydra zombie (Crypt:1)
  12 merfolk
  5 tengu conjurers
  27 polar bears
  2 harpy zombies (Crypt:3)
  3 meliai (D:13)
  6 trolls
  A wind drake (Shoals:3)
  2 hornets
  16 tarantellas
  4 snapping turtles
  23 blink frogs
  A hydra skeleton (Crypt:1)
  A raiju (Lair:5)
  A jumping spider zombie (Crypt:2)
  3 harpy skeletons (Crypt:1)
  11 dream sheep
  5 air elementals
  21 culicivoras
  14 flying skulls
  A ynoxinul (Abyss:2)
  A stone giant simulacrum (Crypt:2)
  2 ice dragon skeletons (Crypt:1)
  2 spriggans (shapeshifter)
  A satyr skeleton (Crypt:1)
  A shadow (D:11)
  33 yaks
  A vampire (D:11)
  22 jumping spiders
  5 spriggans (Lair:2)
  4 wyverns
  4 hogs (Lair:5)
  10 wraiths
  A basilisk (shapeshifter) (D:15)
  8 basilisks
  4 fire elementals
  9 humans (D:13)
  15 water elementals
  2 neqoxecs
  52 redbacks
  7 vampire mosquitoes
  2 chaos spawn
  An elf simulacrum (Vaults:1)
  3 steam dragons
  3 minotaur simulacra (Shoals:2)
  7 wargs
  A glowing shapeshifter zombie (Vaults:3)
  A skyshark zombie (Crypt:3)
  2 acid dragons (Lair:5)
  An entropy weaver zombie (Crypt:2)
  9 water moccasins
  2 naga zombies (Crypt:3)
  16 hell hounds (Lair:5)
  A deep troll zombie (Crypt:2)
  A naga skeleton (Crypt:1)
  An ogre skeleton (Vaults:1)
  A merfolk skeleton (Crypt:2)
  A meliai simulacrum (D:14)
  A swamp drake (Lair:5)
  2 ice beasts
  13 black bears
  The ghost of monsoonserge the Cudgeller, an amateur MeCA of Ignis (D:3)
  39 orc warriors
  A sky beast (Abyss:2)
  8 ogres
  A swamp dragon zombie (Crypt:3)
  22 centaurs
  3 boggarts (Vaults:1)
  A blink frog skeleton (Crypt:1)
  29 wolves
  A phantom (D:5)
  A swamp dragon skeleton (Crypt:1)
  A kobold brigand (D:8)
  A vine stalker zombie (Crypt:2)
  2 necrophages (Crypt:3)
  6 earth elementals
  7 bullfrogs
  A komodo dragon skeleton (Crypt:3)
  4 scorpions (D:5)
  4 wights
  5 killer bees (D:11)
  A wolf zombie (Crypt:2)
  A howler monkey (D:9)
  An electric eel (Elf:3)
  3 small abominations (Abyss:2)
  4 centaur zombies
  A bullfrog zombie (D:3)
  3 hounds
  A jelly (Depths:3)
  A quasit (Abyss:2)
  9 orc priests
  2 iron imps (Abyss:2)
  4 starcursed masses (Abyss:2)
  A sleepcap (D:7)
  8 iguanas
  6 orc wizards
  A deep dwarf zombie (Crypt:1)
  An ogre zombie (Crypt:3)
  A hound zombie (Crypt:1)
  12 mummies (Crypt:3)
  4 adders
  4 gnolls
  A river rat (D:8)
  A shadow imp (D:7)
  2 white imps
  3 ufetubi
  3 worms
  A dart slug (D:2)
  44 orcs
  7 endoplasms
  5 giant cockroaches
  8 goblins
  7 hobgoblins
  6 jackals
  2 quokkas
  6 ball pythons
  A ball python skeleton (Crypt:3)
  4 bats
  3 frilled lizards (D:2)
  11 kobolds
  8 rats
  A spectral weapon (Depths:3)
  3 starspawn tentacles (Abyss:2)
2042 creatures vanquished.

Vanquished Creatures (collateral kills)
  Frederick (Depths:3)
  A ghost moth (Spider:4)
  An orc warlord (Orc:1)
  A very ugly thing (Abyss:2)
  A deep elf annihilator (Elf:3)
  A fire dragon (Lair:5)
  2 boulder beetles
  A radroach (Spider:2)
  A two-headed ogre (D:7)
  A hell knight (Vaults:4)
  An orb spider (Spider:4)
  An orc knight (Orc:1)
  A wolf spider (Spider:4)
  A rime drake (Lair:4)
  A tarantella (Spider:4)
  A polar bear (Lair:4)
  2 blink frogs (Lair:4)
  A jumping spider (Spider:4)
  2 yaks (Lair:4)
  3 orc warriors (Orc:1)
  2 orcs (Orc:1)
27 creatures vanquished.

Vanquished Creatures (others)
  An azure jelly (shapeshifter) (Depths:3)
  A vampire knight (Depths:1)
  A stone giant (Depths:3)
  6 great orbs of eyes
  An ice dragon (Depths:3)
  A rakshasa (D:15)
  2 vault guards (D:13)
  An ironbound frostheart (Vaults:1)
  A spriggan air mage (Depths:3)
  A spriggan berserker (Depths:3)
  A skeletal warrior (D:15)
  A deep troll (shapeshifter) (Vaults:5)
  A glowing orange brain (shapeshifter) (Depths:1)
  7 glowing orange brains
  2 wizards
  An ironbound convoker (Vaults:2)
  A harpy (Vaults:1)
  2 deep elf zephyrmancers
  2 necromancers
  2 ugly things
  A faun (Shoals:3)
  A merfolk siren (Shoals:2)
  An elephant (Lair:3)
  A rime drake (shapeshifter) (Depths:1)
  A meliai (shapeshifter) (Depths:1)
  A tarantella (Spider:2)
  A hornet (D:10)
  24 slime creatures
  2 water elementals (Depths:3)
  A yak (Lair:3)
  7 humans (D:13)
  A golden eye (shapeshifter) (Elf:1)
  A redback (shapeshifter) (Depths:4)
  A warg (Orc:2)
  3 water moccasins
  A floating eye (Depths:1)
  A sky beast (D:5)
  A swamp drake (Lair:5)
  2 boggarts (Vaults:1)
  A centaur (Shoals:1)
  2 kobold brigands
  A scorpion (D:5)
  A bullfrog (Lair:3)
  2 wights (D:9)
  A bullfrog zombie (D:3)
  A hound (D:6)
  206 jellies
  A bullfrog skeleton (D:3)
  3 orc priests (Orc:1)
  2 iguanas (D:5)
  4 orc wizards
  3 adders
  An ufetubus (Abyss:2)
  17 orcs
  A ball python (D:4)
  A hobgoblin (D:4)
  A quokka (D:8)
  8 kobolds
  3 starspawn tentacles (Abyss:2)
348 creatures vanquished.

Grand Total: 2417 creatures vanquished

Notes
Turn   | Place    | Note
-------+----------+-------------------------------------------
     0 | D:1      | Dadbod the Demonspawn Fighter began the quest for the Orb.
     0 | D:1      | Reached XP level 1. HP: 18/18 MP: 1/1
   129 | D:1      | Gained mutation: You are partially covered in icy blue
                  | scales. (AC +2) [demonic ancestry]
   129 | D:1      | Reached XP level 2. HP: 24/24 MP: 2/2
   252 | D:1      | Reached skill level 2 in Axes
   945 | D:2      | Gained mutation: You have sharp fingernails. [demonic
                  | ancestry]
   945 | D:2      | Reached XP level 3. HP: 19/29 MP: 3/3
  1476 | D:2      | Found a faded altar of an unknown god.
  1488 | D:2      | Prayed at the altar of an unknown god.
  1488 | D:2      | Became a worshipper of Jiyva Juodim the Shapeless
  1488 | D:2      | Reached * piety under Jiyva
  1906 | D:3      | Found a transporter.
  1908 | D:3      | Found a transporter.
  1908 | D:3      | Noticed monsoonserge's ghost (amateur MeCA)
  1939 | D:3      | Noticed a wight
  2016 | D:3      | Reached ** piety under Jiyva
  2111 | D:3      | Found Addol's Book Boutique.
  2316 | D:3      | Reached XP level 4. HP: 32/35 MP: 4/4
  2659 | D:4      | Reached skill level 3 in Axes
  2741 | D:4      | Reached *** piety under Jiyva
  2805 | D:4      | Identified the ring of Kuedann {Str-4 Int+2 SInv Stlth+}
  2880 | D:4      | Found a blossoming altar of Fedhas.
  3072 | D:4      | Found Keun's General Store.
  3076 | D:4      | Found Aguovewe's Specific Store.
  3084 | D:4      | Bought a potion of might for 52 gold pieces
  3084 | D:4      | Bought a potion of heal wounds for 65 gold pieces
  3188 | D:4      | Gained mutation: You have hidden genetic potential.
                  | [Jiyva's grace]
  3188 | D:4      | Gained mutation: You have great hidden genetic potential.
                  | [Jiyva's grace]
  3188 | D:4      | Gained mutation: You have sharp toenails. [Jiyva's grace]
  3188 | D:4      | Gained mutation: You have razor-sharp toenails. [Jiyva's
                  | grace]
  3267 | D:4      | Gained mutation: A meltable shield of frost defends you.
                  | (SH +4) [demonic ancestry]
  3267 | D:4      | Reached XP level 5. HP: 30/41 MP: 5/5
  3522 | D:5      | Entered Level 5 of the Dungeon
  3541 | D:5      | Reached skill level 1 in Evocations
  3548 | D:5      | Reached skill level 1 in Dodging
  3553 | D:5      | Gained mutation: Your flesh is cold resistant. (rC+)
                  | [hidden potential]
  3559 | D:5      | Reached skill level 1 in Throwing
  3559 | D:5      | Gained mutation: Spells you cast may paralyse adjacent
                  | enemies. [demonic ancestry]
  3559 | D:5      | Reached XP level 6. HP: 47/47 MP: 6/6
  3653 | D:5      | Found a staircase to the Ecumenical Temple.
  3655 | D:5      | Reached **** piety under Jiyva
  3658 | D:5      | Gained mutation: You possess an exceptional clarity of
                  | mind. [hidden potential]
  3658 | D:5      | Lost mutation: You have great hidden genetic potential.
                  | [hidden potential expressed]
  3667 | D:5      | Reached skill level 4 in Axes
  3667 | D:5      | Gained mutation: Spells you cast may paralyse nearby
                  | enemies. [demonic ancestry]
  3667 | D:5      | Reached XP level 7. HP: 54/54 MP: 7/7
  4041 | D:5      | Found a large runed translucent door.
  4042 | D:5      | Found a large runed translucent door.
  4056 | D:5      | Found an ancient bone altar of Kikubaaqudgha.
  4059 | D:5      | Found a sacrificial altar of Ru.
  4063 | D:5      | Gained mutation: Your spells are a little harder to cast,
                  | but a little more powerful. [hidden potential]
  4210 | D:6      | Found an opulent altar of Gozag.
  4267 | D:6      | Reached skill level 5 in Axes
  4267 | D:6      | Gained mutation: You are mostly covered in icy blue scales.
                  | (AC +3) [demonic ancestry]
  4267 | D:6      | Reached XP level 8. HP: 59/61 MP: 8/8
  4333 | D:6      | Found a hazy altar of Hepliaklqana.
  4399 | D:6      | Reached ***** piety under Jiyva
  4413 | D:6      | Found a sparkling altar of Nemelex Xobeh.
  4764 | D:7      | Found a snail-covered altar of Cheibriados.
  4854 | D:7      | Reached skill level 5 in Armour
  4859 | D:7      | Gained mutation: Your system is resistant to poisons.
                  | (rPois) [hidden potential]
  4859 | D:7      | Lost mutation: You have hidden genetic potential. [hidden
                  | potential expressed]
  4940 | D:7      | Found an iron altar of Okawaru.
  4940 | D:7      | Noticed a two-headed ogre
  4948 | D:7      | Killed a two-headed ogre
  4949 | D:7      | Reached skill level 5 in Fighting
  4949 | D:7      | Reached skill level 6 in Axes
  4960 | D:7      | Reached XP level 9. HP: 46/68 MP: 9/9
  5021 | D:7      | Lost mutation: You have razor-sharp toenails. [Jiyva's
                  | grace]
  5021 | D:7      | Gained mutation: Your translucent skin slightly reduces
                  | your foes' accuracy. (Stealth+) [Jiyva's grace]
  5021 | D:7      | Gained mutation: Your translucent skin reduces your foes'
                  | accuracy. (Stealth+) [Jiyva's grace]
  5021 | D:7      | Gained mutation: Your transparent skin significantly
                  | reduces your foes' accuracy. (Stealth+) [Jiyva's grace]
  5021 | D:7      | Gained mutation: You have razor-sharp toenails. [Jiyva's
                  | grace]
  5215 | D:7      | Found a radiant altar of Vehumet.
  5739 | D:8      | Reached ****** piety under Jiyva
  5961 | D:8      | Noticed a two-headed ogre
  5962 | D:8      | Noticed a death yak
  5968 | D:8      | Noticed a death yak
  5972 | D:8      | Noticed a death yak
  5972 | D:8      | Killed a two-headed ogre
  5973 | D:8      | Reached skill level 5 in Shields
  5974 | D:8      | Killed a death yak
  5975 | D:8      | Reached skill level 7 in Axes
  5981 | D:8      | Killed a death yak
  5983 | D:8      | Killed a death yak
  5984 | D:8      | Gained mutation: A meltable icy envelope protects you from
                  | harm. (AC +8) [demonic ancestry]
  5984 | D:8      | Reached XP level 10. HP: 44/75 MP: 10/10
  5989 | D:8      | Found a staircase to the Lair.
  6052 | D:8      | Reached skill level 8 in Axes
  6240 | D:8      | Reached skill level 1 in Stealth
  6507 | D:9      | Noticed a soul eater
  6514 | D:9      | Noticed a soul eater
  6626 | D:9      | Found a staircase to the Orcish Mines.
  6676 | D:9      | Lost mutation: Your spells are a little harder to cast, but
                  | a little more powerful. [Jiyva's grace]
  6676 | D:9      | Lost mutation: Your transparent skin significantly reduces
                  | your foes' accuracy. (Stealth+) [Jiyva's grace]
  6676 | D:9      | Gained mutation: You passively map a small area around you.
                  | [Jiyva's grace]
  6676 | D:9      | Gained mutation: You passively map the area around you.
                  | [Jiyva's grace]
  6676 | D:9      | Gained mutation: You passively map a large area around you.
                  | [Jiyva's grace]
  6676 | D:9      | Gained mutation: Your transparent skin significantly
                  | reduces your foes' accuracy. (Stealth+) [Jiyva's grace]
  6728 | D:9      | Identified the +5 dagger of Havoc {holy, Int+5 Dex-3}
  6825 | D:9      | Found a basalt altar of Yredelemnul.
  7171 | D:10     | Entered Level 10 of the Dungeon
  7513 | D:10     | Noticed a centaur warrior
  7526 | D:10     | Killed a centaur warrior
  7576 | D:10     | Reached skill level 9 in Axes
  7618 | D:10     | Found Xigotz's Hydra Hut.
  7619 | D:10     | Noticed a seven-headed hydra
  7861 | D:11     | Noticed a boulder beetle
  7866 | D:11     | Noticed a gargoyle
  7872 | D:11     | Killed a boulder beetle
  7873 | D:11     | Gained mutation: You have very sharp fingernails. [demonic
                  | ancestry]
  7873 | D:11     | Reached XP level 11. HP: 82/82 MP: 11/11
  7926 | D:11     | HP: 3/83 [vampire mosquito (6)]
  7948 | D:11     | Noticed a two-headed ogre
  7957 | D:11     | Reached skill level 5 in Evocations
  7960 | D:11     | Killed a two-headed ogre
  8056 | D:11     | Lost mutation: Your flesh is cold resistant. (rC+) [Jiyva's
                  | grace]
  8056 | D:11     | Lost mutation: Your system is resistant to poisons. (rPois)
                  | [Jiyva's grace]
  8056 | D:11     | Lost mutation: Your transparent skin significantly reduces
                  | your foes' accuracy. (Stealth+) [Jiyva's grace]
  8056 | D:11     | Gained mutation: You are covered in slimy tendrils that may
                  | disarm your opponents. [Jiyva's grace]
  8056 | D:11     | Gained mutation: You are covered in fur. (AC +1) [Jiyva's
                  | grace]
  8056 | D:11     | Gained mutation: You are covered in thick fur. (AC +2)
                  | [Jiyva's grace]
  8056 | D:11     | Gained mutation: Your thick and shaggy fur keeps you warm.
                  | (AC +3, rC+) [Jiyva's grace]
  8560 | D:12     | Noticed a boulder beetle
  8594 | D:12     | Killed a boulder beetle
  8595 | D:12     | Reached skill level 10 in Axes
  8605 | D:12     | Identified the +2 flail of Satyriasis {freeze, rF+ Str+4
                  | Stlth+}
  8615 | D:12     | Noticed a two-headed ogre
  8616 | D:12     | Noticed a boulder beetle
  8625 | D:12     | Killed a boulder beetle
  8627 | D:12     | Killed a two-headed ogre
  8683 | D:12     | Reached skill level 5 in Throwing
  8683 | D:12     | Reached skill level 5 in Dodging
  8919 | D:12     | Noticed a red ugly thing
  8933 | D:12     | Killed a red ugly thing
  9347 | D:12     | Gained mutation: You have claws for hands. [demonic
                  | ancestry]
  9347 | D:12     | Reached XP level 12. HP: 91/91 MP: 12/12
  9543 | Lair:1   | Entered Level 1 of the Lair of Beasts
  9670 | Lair:1   | Lost mutation: You passively map a large area around you.
                  | [Jiyva's grace]
  9670 | Lair:1   | Lost mutation: Your translucent skin reduces your foes'
                  | accuracy. (Stealth+) [Jiyva's grace]
  9670 | Lair:1   | Lost mutation: You are covered in slimy tendrils that may
                  | disarm your opponents. [Jiyva's grace]
  9670 | Lair:1   | Gained mutation: You have claws for feet. [Jiyva's grace]
  9670 | Lair:1   | Gained mutation: Your melee attacks may engulf your foes in
                  | ooze. [Jiyva's grace]
  9670 | Lair:1   | Lost mutation: You have claws for feet. [Jiyva's grace]
  9670 | Lair:1   | Lost mutation: You have razor-sharp toenails. [Jiyva's
                  | grace]
  9670 | Lair:1   | Lost mutation: You have sharp toenails. [Jiyva's grace]
  9670 | Lair:1   | Gained mutation: You have large cloven feet. [Jiyva's
                  | grace]
  9670 | Lair:1   | Gained mutation: You have hoof-like feet. [Jiyva's grace]
  9924 | Lair:1   | Noticed Sonja
  9928 | Lair:1   | Killed Sonja
 10030 | Lair:1   | Noticed Fannar
 10045 | Lair:1   | Killed Fannar
 10136 | Lair:1   | Reached skill level 11 in Axes
 10402 | Lair:1   | Noticed a death yak
 10425 | Lair:1   | Killed a death yak
 10483 | Lair:1   | Noticed Amaemon
 10496 | Lair:1   | Killed Amaemon
 10726 | Lair:2   | Found a staircase to the Shoals.
 10820 | Lair:2   | Found a transporter.
 10830 | Lair:2   | Found a transporter.
 10850 | Lair:2   | Noticed ystael's ghost (journeyman TrFi)
 10875 | Lair:2   | Noticed a boulder beetle
 10901 | Lair:2   | Found a bloodstained altar of Trog.
 10907 | Lair:2   | Killed a boulder beetle
 11267 | Lair:2   | Lost mutation: You have hoof-like feet. [Jiyva's grace]
 11267 | Lair:2   | Lost mutation: You possess an exceptional clarity of mind.
                  | [Jiyva's grace]
 11267 | Lair:2   | Lost mutation: You passively map the area around you.
                  | [Jiyva's grace]
 11267 | Lair:2   | Lost mutation: Your thick and shaggy fur keeps you warm.
                  | (AC +3, rC+) [Jiyva's grace]
 11267 | Lair:2   | Lost mutation: You are covered in thick fur. (AC +2)
                  | [Jiyva's grace]
 11267 | Lair:2   | Gained mutation: You are strong-willed. (Will+) [Jiyva's
                  | grace]
 11267 | Lair:2   | Gained mutation: You are highly strong-willed. (Will++)
                  | [Jiyva's grace]
 11267 | Lair:2   | Gained mutation: You are extremely strong-willed. (Will+++)
                  | [Jiyva's grace]
 11267 | Lair:2   | Gained mutation: You have acidic saliva. [Jiyva's grace]
 11485 | Lair:3   | Reached XP level 13. HP: 98/98 MP: 13/13
 11687 | Lair:3   | Found a hole to the Spider Nest.
 12073 | Lair:3   | Learned a level 5 spell: Lee's Rapid Deconstruction
 12078 | Lair:3   | Learned a level 4 spell: Leda's Liquefaction
 12569 | Lair:3   | Reached skill level 5 in Stealth
 12796 | Lair:4   | Found a dark tunnel.
 12843 | Volcano  | Entered a volcano
 12898 | Volcano  | Reached skill level 10 in Armour
 13005 | Volcano  | Reached skill level 12 in Axes
 13018 | Volcano  | Gained mutation: Your magical and physical power is
                  | slightly enhanced at high health. [demonic ancestry]
 13018 | Volcano  | Reached XP level 14. HP: 87/106 MP: 14/14
 13375 | Lair:4   | Reached skill level 10 in Shields
 13577 | D:10     | Bought a +3 war axe of flaming for 326 gold pieces
 14107 | Lair:5   | Entered Level 5 of the Lair of Beasts
 14148 | Lair:5   | Lost mutation: You are extremely strong-willed. (Will+++)
                  | [Jiyva's grace]
 14148 | Lair:5   | Gained mutation: You are somewhat resistant to further
                  | mutation. [Jiyva's grace]
 14148 | Lair:5   | Gained mutation: You are somewhat resistant to both further
                  | mutation and mutation removal. [Jiyva's grace]
 14148 | Lair:5   | Gained mutation: You are almost entirely resistant to
                  | further mutation and mutation removal. [Jiyva's grace]
 14148 | Lair:5   | Gained mutation: You have a pair of small antennae on your
                  | head. [Jiyva's grace]
 14187 | Lair:5   | Noticed Rupert
 14202 | Lair:5   | Noticed Kirke
 14206 | Lair:5   | Killed Rupert
 14219 | Lair:5   | Killed Kirke
 14429 | Lair:5   | Found a staircase to the Slime Pits.
 14837 | Slime:1  | Entered Level 1 of the Pits of Slime
 14866 | Slime:1  | Noticed a quicksilver ooze
 14870 | Slime:1  | Noticed a rockslime
 14904 | Slime:1  | Noticed an acid blob
 15289 | Slime:2  | Noticed an acid blob
 15378 | Slime:2  | Noticed an acid blob
 15401 | Slime:2  | Noticed an azure jelly
 15700 | Slime:3  | Noticed a rockslime
 15703 | Slime:3  | Noticed a quicksilver ooze
 15753 | Slime:3  | Noticed a rockslime
 15860 | Slime:3  | Noticed a rockslime
 15935 | Slime:4  | Noticed a rockslime
 16014 | Slime:4  | Noticed a rockslime
 16040 | Slime:4  | Noticed a rockslime
 16178 | Slime:5  | Entered Level 5 of the Pits of Slime
 16249 | Slime:5  | Noticed an acid blob
 16253 | Slime:5  | Noticed an acid blob
 16272 | Slime:5  | Noticed a quicksilver ooze
 16278 | Slime:5  | Noticed an azure jelly
 16305 | Slime:5  | Noticed an azure jelly
 16318 | Slime:5  | Noticed the Royal Jelly
 16323 | Slime:5  | Noticed an azure jelly
 16324 | Slime:5  | Noticed an acid blob
 16365 | Slime:5  | Noticed an acid blob
 16367 | Slime:5  | Noticed a quicksilver ooze
 16368 | Slime:5  | Found a viscous altar of Jiyva.
 16368 | Slime:5  | Noticed an acid blob
 16368 | Slime:5  | Noticed an azure jelly
 16369 | Slime:5  | Noticed a rockslime
 16373 | Slime:5  | Identified the ring of Cusaexij {rC+ SInv}
 16389 | Slime:5  | Got the Precepts of Shapeshifting
 16426 | Slime:5  | Got a slimy rune of Zot
 16680 | Orc:1    | Entered Level 1 of the Orcish Mines
 16696 | Orc:1    | Reached skill level 13 in Axes
 17337 | Lair:5   | Gained mutation: A meltable icy envelope protects you from
                  | harm. (AC +8) [demonic ancestry]
 17337 | Lair:5   | Reached XP level 15. HP: 80/115 MP: 15/15
 17680 | Orc:2    | Entered Level 2 of the Orcish Mines
 17924 | Orc:1    | Reached skill level 10 in Fighting
 17998 | Orc:2    | Found a staircase to the Elven Halls.
 18020 | Orc:2    | Found Agrue's General Store.
 18086 | Orc:2    | Noticed Saint Roka
 18131 | Orc:2    | Killed Saint Roka
 18184 | Orc:2    | Found Xuequs's Antique Armour Boutique.
 18200 | Orc:2    | Bought an obsidian-encrusted leather armour for 231 gold
                  | pieces
 18200 | Orc:2    | Identified the +3 leather armour of Polish {Rampage rElec
                  | rF- rN+} (You bought it in a shop on level 2 of the Orcish
                  | Mines)
 18200 | Orc:2    | Bought a glowing scarf for 264 gold pieces
 18200 | Orc:2    | Bought a hat for 132 gold pieces
 18254 | Orc:2    | Found Ogesacwa's Antique Weapon Boutique.
 18286 | Orc:2    | Lost mutation: You have large cloven feet. [Jiyva's grace]
 18286 | Orc:2    | Lost mutation: You are almost entirely resistant to further
                  | mutation and mutation removal. [Jiyva's grace]
 18286 | Orc:2    | Lost mutation: You passively map a small area around you.
                  | [Jiyva's grace]
 18286 | Orc:2    | Lost mutation: You have acidic saliva. [Jiyva's grace]
 18286 | Orc:2    | Lost mutation: Your translucent skin slightly reduces your
                  | foes' accuracy. (Stealth+) [Jiyva's grace]
 18286 | Orc:2    | Lost mutation: Your melee attacks may engulf your foes in
                  | ooze. [Jiyva's grace]
 18286 | Orc:2    | Gained mutation: Your translucent skin slightly reduces
                  | your foes' accuracy. (Stealth+) [Jiyva's grace]
 18286 | Orc:2    | Gained mutation: Your translucent skin reduces your foes'
                  | accuracy. (Stealth+) [Jiyva's grace]
 18286 | Orc:2    | Gained mutation: Your transparent skin significantly
                  | reduces your foes' accuracy. (Stealth+) [Jiyva's grace]
 18286 | Orc:2    | Gained mutation: Your rubbery body absorbs attacks. (AC +1,
                  | EV +1) [Jiyva's grace]
 18343 | Orc:2    | Found a transporter.
 18348 | Orc:2    | Found Raocuko's Armour Shoppe.
 18350 | Orc:2    | Found a transporter.
 18395 | Orc:2    | Found Hixing's Antique Weapon Emporium.
 18460 | Orc:2    | Found Syubyph's Jewellery Emporium.
 18482 | Orc:2    | Bought an amulet of regeneration for 510 gold pieces
 18672 | Orc:1    | Noticed Harold
 18672 | Orc:1    | Found Koek's Antique Armour Emporium.
 18682 | Orc:1    | Killed Harold
 18999 | Spider:1 | Entered Level 1 of the Spider Nest
 19159 | Spider:1 | Identified the +10 mace of Noup {spect, *Slow Dex+5 SInv
                  | Stlth+}
 19235 | Spider:1 | Reached skill level 14 in Axes
 19845 | Spider:2 | Noticed an emperor scorpion
 19858 | Spider:2 | Killed an emperor scorpion
 19972 | Spider:2 | Identified the +9 whip of Ytseim {venom, rC+++ rN+++ Str-3
                  | Int-5}
 20253 | Spider:2 | Reached XP level 16. HP: 96/124 MP: 16/16
 20258 | Spider:2 | Identified the +8 spear of a Billion Eyes {heavy, rF+ rC-
                  | Int+3 SInv}
 20658 | Spider:2 | Lost mutation: You are highly strong-willed. (Will++)
                  | [Jiyva's grace]
 20658 | Spider:2 | Lost mutation: Your transparent skin significantly reduces
                  | your foes' accuracy. (Stealth+) [Jiyva's grace]
 20658 | Spider:2 | Gained mutation: Your flesh is cold resistant. (rC+)
                  | [Jiyva's grace]
 20658 | Spider:2 | Gained mutation: Your flesh is very cold resistant. (rC++)
                  | [Jiyva's grace]
 20658 | Spider:2 | Gained mutation: Your flesh is almost immune to the effects
                  | of cold. (rC+++) [Jiyva's grace]
 20658 | Spider:2 | Gained mutation: You are robust. (+10% HP) [Jiyva's grace]
 22059 | Spider:4 | Entered Level 4 of the Spider Nest
 22663 | Spider:4 | Reached skill level 15 in Axes
 22811 | Spider:4 | Got a gossamer rune of Zot
 23341 | Shoals:1 | Entered Level 1 of the Shoals
 23579 | D:13     | Lost mutation: You have a pair of small antennae on your
                  | head. [Jiyva's grace]
 23579 | D:13     | Lost mutation: You are somewhat resistant to both further
                  | mutation and mutation removal. [Jiyva's grace]
 23579 | D:13     | Lost mutation: Your translucent skin reduces your foes'
                  | accuracy. (Stealth+) [Jiyva's grace]
 23579 | D:13     | Gained mutation: You are agile. (Dex +4, Str/Int -1)
                  | [Jiyva's grace]
 23579 | D:13     | Gained mutation: You are very agile. (Dex +8, Str/Int -2)
                  | [Jiyva's grace]
 23579 | D:13     | Gained mutation: You have a small jelly attached to you
                  | that senses nearby items. [Jiyva's grace]
 23579 | D:13     | Gained mutation: You are highly strong-willed. (Will++)
                  | [Jiyva's grace]
 23681 | D:13     | Found a gate to the Vaults.
 23810 | D:13     | Gained mutation: Spells you cast and wands you use may
                  | paralyse nearby enemies. [demonic ancestry]
 23810 | D:13     | Reached XP level 17. HP: 144/144 MP: 17/17
 24004 | D:13     | Identified the +0 robe "Wofoufud" {rElec rF+}
 24668 | D:14     | Identified the ring "Kuac" {rElec rN+ Slay+4}
 24957 | D:15     | Entered Level 15 of the Dungeon
 24991 | D:15     | Found a runed translucent door.
 24992 | D:15     | Found a shimmering altar of Xom.
 24992 | D:15     | Noticed alvan145's ghost (journeyman HOFi)
 24992 | D:15     | Identified the +8 double sword of Famine {chaos, Int+6
                  | Dex+3}
 25256 | D:15     | Lost mutation: You are covered in fur. (AC +1) [Jiyva's
                  | grace]
 25256 | D:15     | Lost mutation: Your rubbery body absorbs attacks. (AC +1,
                  | EV +1) [Jiyva's grace]
 25256 | D:15     | Gained mutation: You have a small jelly attached to you
                  | that may absorb projectiles. [Jiyva's grace]
 25256 | D:15     | Gained mutation: Your rubbery body absorbs attacks. (AC +1,
                  | EV +1) [Jiyva's grace]
 25256 | D:15     | Gained mutation: Your pliable body absorbs attacks. (AC +2,
                  | EV +2) [Jiyva's grace]
 25256 | D:15     | Gained mutation: Your gelatinous body deflects attacks. (AC
                  | +3, EV +3) [Jiyva's grace]
 25540 | D:15     | Identified a scroll of acquirement
 25541 | D:15     | Acquired 422 gold pieces
 25641 | D:15     | Found a staircase to the Depths.
 25780 | Depths:1 | Entered Level 1 of the Depths
 25840 | Depths:1 | Reached skill level 10 in Evocations
 25856 | Depths:1 | Found a hazy altar of Hepliaklqana.
 26137 | Depths:1 | Reached skill level 16 in Axes
 26196 | Depths:1 | Identified the ring "Joib" {rPois rC+ Str+6}
 26401 | Depths:1 | Reached XP level 18. HP: 155/155 MP: 18/18
 26503 | Depths:1 | Noticed a lich
 26555 | Depths:1 | Killed a lich
 26600 | Depths:1 | Found a one-way gate to the infinite horrors of the Abyss.
 26688 | Depths:1 | Found a runed translucent gate.
 26688 | Depths:1 | Noticed Caat Rau's ghost (adept DgCj)
 26689 | Depths:1 | Found a runed translucent gate.
 26690 | Depths:1 | Found a runed translucent gate.
 26691 | Depths:1 | Noticed a juggernaut
 26950 | Depths:1 | Found a gateway to Hell.
 27206 | Depths:2 | Lost mutation: You are very agile. (Dex +8, Str/Int -2)
                  | [Jiyva's grace]
 27206 | Depths:2 | Lost mutation: Your gelatinous body deflects attacks. (AC
                  | +3, EV +3) [Jiyva's grace]
 27206 | Depths:2 | Lost mutation: You have a small jelly attached to you that
                  | may absorb projectiles. [Jiyva's grace]
 27206 | Depths:2 | Gained mutation: You are very robust. (+20% HP) [Jiyva's
                  | grace]
 27206 | Depths:2 | Gained mutation: You are extremely robust. (+30% HP)
                  | [Jiyva's grace]
 27206 | Depths:2 | Gained mutation: Your body has grown eyes which may confuse
                  | attackers. (Acc +3) [Jiyva's grace]
 27206 | Depths:2 | Gained mutation: Your body has grown many eyes which may
                  | confuse attackers. (Acc +5) [Jiyva's grace]
 27305 | Depths:2 | Identified the +7 great sword of Hepliaklqana, Shouting
                  | {flame, Dex+4}
 27475 | Depths:2 | Reached skill level 17 in Axes
 27475 | Depths:2 | Reached skill level 10 in Throwing
 27569 | Depths:2 | Found Tauc's Distillery.
 27569 | Depths:2 | Found Aladim's Antique Armour Emporium.
 27620 | Depths:2 | Found a one-way gate leading to the halls of Pandemonium.
 27849 | Depths:3 | Noticed a lich
 27860 | Depths:3 | Learned a level 2 spell: Wereblood
 27867 | Depths:3 | Killed a lich
 27870 | Depths:3 | Noticed a lich
 27881 | Depths:3 | Killed a lich
 28010 | Depths:3 | Noticed Frederick
 28036 | Depths:3 | Killed Frederick
 28156 | Depths:3 | Found a one-way gateway to a ziggurat.
 28298 | Depths:3 | Noticed a lich
 28312 | Depths:3 | Killed a lich
 28485 | Depths:3 | Noticed a juggernaut
 28494 | Depths:3 | Identified the +8 flail of Bloody Death {heavy, rElec
                  | Str+2}
 28511 | Depths:3 | Killed a juggernaut
 28512 | Depths:3 | Reached XP level 19. HP: 163/193 MP: 19/19
 28605 | Depths:3 | Noticed a juggernaut
 28802 | Depths:3 | Killed a juggernaut
 28856 | Depths:4 | Entered Level 4 of the Depths
 29117 | Depths:4 | Lost mutation: Your body has grown many eyes which may
                  | confuse attackers. (Acc +5) [Jiyva's grace]
 29117 | Depths:4 | Gained mutation: You have acidic saliva. [Jiyva's grace]
 29117 | Depths:4 | Gained mutation: Your translucent skin reduces your foes'
                  | accuracy. (Stealth+) [Jiyva's grace]
 29117 | Depths:4 | Gained mutation: Your transparent skin significantly
                  | reduces your foes' accuracy. (Stealth+) [Jiyva's grace]
 29117 | Depths:4 | Gained mutation: Armour fits poorly on your pseudopods.
                  | [Jiyva's grace]
 29392 | Depths:4 | Noticed a caustic shrike
 29393 | Depths:4 | Noticed a caustic shrike
 29395 | Depths:4 | Noticed a caustic shrike
 29414 | Depths:4 | Killed a caustic shrike
 29417 | Depths:4 | Killed a caustic shrike
 29421 | Depths:4 | Killed a caustic shrike
 29426 | Depths:4 | Reached skill level 18 in Axes
 29646 | Depths:4 | Found a gate to the Realm of Zot.
 30419 | Vaults:1 | Entered Level 1 of the Vaults
 30837 | Vaults:1 | Found a magical portal.
 30846 | WizLab   | Entered The Hall of the Hellbinder
 31092 | WizLab   | Got the Parchment of Company
 31257 | WizLab   | Noticed Boploor
 31282 | WizLab   | Reached XP level 20. HP: 206/207 MP: 18/21
 31288 | WizLab   | Reached skill level 1 in Spellcasting
 31288 | WizLab   | Reached skill level 1 in Transmutations
 31297 | WizLab   | Killed Boploor the Hellbinder
 31314 | WizLab   | Found a burning altar of Makhleb.
 31329 | WizLab   | Identified the +2 cloak of the Jabberwock {Regen+}
 31333 | WizLab   | Got Niamen's Omnibus of Command
 31363 | WizLab   | Identified the +1 leather armour of the Saviour {rF+ rC+}
 31614 | Vaults:1 | Lost mutation: You are agile. (Dex +4, Str/Int -1) [Jiyva's
                  | grace]
 31614 | Vaults:1 | Lost mutation: Your flesh is almost immune to the effects
                  | of cold. (rC+++) [Jiyva's grace]
 31614 | Vaults:1 | Lost mutation: You are highly strong-willed. (Will++)
                  | [Jiyva's grace]
 31614 | Vaults:1 | Lost mutation: You are somewhat resistant to further
                  | mutation. [Jiyva's grace]
 31614 | Vaults:1 | Lost mutation: You are extremely robust. (+30% HP) [Jiyva's
                  | grace]
 31614 | Vaults:1 | Lost mutation: Your pliable body absorbs attacks. (AC +2,
                  | EV +2) [Jiyva's grace]
 31614 | Vaults:1 | Lost mutation: Your transparent skin significantly reduces
                  | your foes' accuracy. (Stealth+) [Jiyva's grace]
 31614 | Vaults:1 | Lost mutation: Your translucent skin reduces your foes'
                  | accuracy. (Stealth+) [Jiyva's grace]
 31614 | Vaults:1 | Lost mutation: Your translucent skin slightly reduces your
                  | foes' accuracy. (Stealth+) [Jiyva's grace]
 31614 | Vaults:1 | Gained mutation: Your skin changes colour to match your
                  | surroundings (Stealth+). [Jiyva's grace]
 31614 | Vaults:1 | Gained mutation: Your skin blends seamlessly with your
                  | surroundings (Stealth++). [Jiyva's grace]
 31614 | Vaults:1 | Gained mutation: Your skin perfectly mimics your
                  | surroundings (Stealth+++). [Jiyva's grace]
 31614 | Vaults:1 | Gained mutation: You are agile. (Dex +4, Str/Int -1)
                  | [Jiyva's grace]
 32264 | Elf:1    | Entered Level 1 of the Elven Halls
 32322 | Elf:1    | Noticed Jorgrun
 32338 | Elf:1    | Killed Jorgrun
 32376 | Elf:1    | Noticed Nikola
 32403 | Elf:1    | Killed Nikola
 32703 | Elf:1    | Found Vaegh's Book Shoppe.
 32716 | Elf:1    | Reached skill level 5 in Spellcasting
 32740 | Elf:1    | Reached skill level 5 in Transmutations
 32747 | Elf:1    | Reached skill level 1 in Earth Magic
 32891 | Elf:1    | Reached skill level 15 in Shields
 33234 | Vaults:2 | Lost mutation: Your skin perfectly mimics your surroundings
                  | (Stealth+++). [Jiyva's grace]
 33234 | Vaults:2 | Lost mutation: You are agile. (Dex +4, Str/Int -1) [Jiyva's
                  | grace]
 33234 | Vaults:2 | Lost mutation: Your flesh is very cold resistant. (rC++)
                  | [Jiyva's grace]
 33234 | Vaults:2 | Lost mutation: You are strong-willed. (Will+) [Jiyva's
                  | grace]
 33234 | Vaults:2 | Lost mutation: You are very robust. (+20% HP) [Jiyva's
                  | grace]
 33234 | Vaults:2 | Lost mutation: You have acidic saliva. [Jiyva's grace]
 33234 | Vaults:2 | Gained mutation: You passively map a small area around you.
                  | [Jiyva's grace]
 33234 | Vaults:2 | Gained mutation: You passively map the area around you.
                  | [Jiyva's grace]
 33234 | Vaults:2 | Gained mutation: You passively map a large area around you.
                  | [Jiyva's grace]
 33234 | Vaults:2 | Gained mutation: You have large cloven feet. [Jiyva's
                  | grace]
 33343 | Vaults:2 | Noticed Donald
 33354 | Vaults:2 | Killed Donald
 33787 | Vaults:2 | Reached skill level 10 in Stealth
 34465 | Vaults:3 | Found Kuqit's Magic Scroll Emporium.
 34614 | Vaults:3 | Reached skill level 15 in Fighting
 34745 | Vaults:3 | Gained mutation: You are completely covered in icy blue
                  | scales. (AC +4, rC+) [demonic ancestry]
 34745 | Vaults:3 | Reached XP level 21. HP: 180/184 MP: 28/28
 35370 | Vaults:3 | Lost mutation: You passively map a large area around you.
                  | [Jiyva's grace]
 35370 | Vaults:3 | Lost mutation: You passively map the area around you.
                  | [Jiyva's grace]
 35370 | Vaults:3 | Lost mutation: You passively map a small area around you.
                  | [Jiyva's grace]
 35370 | Vaults:3 | Lost mutation: You are robust. (+10% HP) [Jiyva's grace]
 35370 | Vaults:3 | Lost mutation: You have a small jelly attached to you that
                  | senses nearby items. [Jiyva's grace]
 35370 | Vaults:3 | Gained mutation: You have very sharp teeth. [Jiyva's grace]
 35370 | Vaults:3 | Gained mutation: You have extremely sharp teeth. [Jiyva's
                  | grace]
 35370 | Vaults:3 | Gained mutation: You have razor-sharp teeth. [Jiyva's
                  | grace]
 35370 | Vaults:3 | Gained mutation: You have acidic saliva. [Jiyva's grace]
 35382 | Vaults:3 | Found a staircase to the Crypt.
 35579 | Vaults:4 | Noticed Margery
 36299 | Elf:2    | Found a runed translucent gate.
 36299 | Elf:2    | Found a runed translucent gate.
 36300 | Elf:2    | Found a runed translucent gate.
 36561 | Elf:2    | Reached skill level 19 in Axes
 36783 | Elf:3    | Entered Level 3 of the Elven Halls
 36956 | Elf:3    | Paralysed by an air elemental for 1 turns
 36959 | Elf:3    | Noticed Zenata
 36978 | Elf:3    | Killed Zenata
 37392 | Elf:3    | Found a portal to a secret trove of treasure.
 37493 | Orc:2    | Bought a potion of curing for 45 gold pieces
 37721 | Depths:2 | Bought a potion of heal wounds for 85 gold pieces
 37721 | Depths:2 | Bought a potion of haste for 170 gold pieces
 37721 | Depths:2 | Bought a potion of curing for 51 gold pieces
 37721 | Depths:2 | Bought 2 potions of curing for 102 gold pieces
 38107 | Elf:3    | Identified the +4 leather armour "Pairo" {-Tele rN++
                  | Regen+}
 38350 | Abyss:2  | Cast into level 2 of the Abyss (a deep elf demonologist)
 38368 | Abyss:2  | Lost mutation: Your skin blends seamlessly with your
                  | surroundings (Stealth++). [Jiyva's grace]
 38368 | Abyss:2  | Lost mutation: Your body has grown eyes which may confuse
                  | attackers. (Acc +3) [Jiyva's grace]
 38368 | Abyss:2  | Gained mutation: You are strong-willed. (Will+) [Jiyva's
                  | grace]
 38368 | Abyss:2  | Gained mutation: You are highly strong-willed. (Will++)
                  | [Jiyva's grace]
 38368 | Abyss:2  | Gained mutation: You are extremely strong-willed. (Will+++)
                  | [Jiyva's grace]
 38368 | Abyss:2  | Gained mutation: You are partially covered in large bone
                  | plates. (SH +4) [Jiyva's grace]
 38504 | Abyss:2  | Gained mutation: You occasionally lose the ability to read
                  | scrolls when taking damage. [a neqoxec]
 38719 | Elf:3    | Escaped the Abyss
 38728 | Elf:3    | Reached XP level 22. HP: 149/177 MP: 31/31
 38734 | Elf:3    | Gained mutation: You are frail. (-10% HP) [a neqoxec]
 38831 | Elf:3    | Identified the +6 dagger "Koas" {venom, *Slow rN+ Str+7}
 38832 | Elf:3    | Identified the +1 robe "Geleal" {Int+3 Dex+3}
 38938 | Elf:3    | Identified the +5 broad axe of Acud {venom, Str+3}
 38940 | Elf:3    | Identified the +1 dire flail "Woexicharphoi" {venom, rPois
                  | Str-3 Dex+3 SInv}
 38994 | Elf:3    | Got The Highest Levels of the Hidden Truths
 39419 | Vaults:4 | Killed Margery
 40512 | Vaults:5 | Entered Level 5 of the Vaults
 41188 | Vaults:5 | Lost mutation: You have large cloven feet. [Jiyva's grace]
 41188 | Vaults:5 | Lost mutation: Your flesh is cold resistant. (rC+) [Jiyva's
                  | grace]
 41188 | Vaults:5 | Lost mutation: You are extremely strong-willed. (Will+++)
                  | [Jiyva's grace]
 41188 | Vaults:5 | Lost mutation: You have acidic saliva. [Jiyva's grace]
 41188 | Vaults:5 | Gained mutation: You have sharp toenails. [Jiyva's grace]
 41188 | Vaults:5 | Gained mutation: You have razor-sharp toenails. [Jiyva's
                  | grace]
 41188 | Vaults:5 | Gained mutation: You have claws for feet. [Jiyva's grace]
 41188 | Vaults:5 | Gained mutation: You have a pair of small horns on your
                  | head. [Jiyva's grace]
 41238 | Vaults:5 | Noticed a golden dragon
 41250 | Vaults:5 | Killed a golden dragon
 41281 | Vaults:5 | Gained mutation: Your magical and physical power is
                  | enhanced at high health. [demonic ancestry]
 41281 | Vaults:5 | Reached XP level 23. HP: 159/167 MP: 28/33
 41342 | Vaults:5 | Got a silver rune of Zot
 41789 | Vaults:5 | Noticed an ancient lich
 41802 | Vaults:5 | Killed an ancient lich
 42069 | Vaults:5 | Found the +3 giant club "Skullcrusher" {speed, Str+7}
 42473 | D:3      | Killed monsoonserge's ghost
 42712 | Lair:2   | Killed ystael's ghost
 43524 | Zot:1    | Entered Level 1 of the Realm of Zot
 43683 | Zot:1    | HP: 8/168 [green draconian monk (15)]
 44228 | Zot:1    | Noticed an orb of fire
 44239 | Zot:1    | Killed an orb of fire
 44739 | Crypt:1  | Entered Level 1 of the Crypt
 44770 | Crypt:1  | Lost mutation: You have claws for feet. [Jiyva's grace]
 44770 | Crypt:1  | Lost mutation: You are partially covered in large bone
                  | plates. (SH +4) [Jiyva's grace]
 44770 | Crypt:1  | Lost mutation: Your skin changes colour to match your
                  | surroundings (Stealth+). [Jiyva's grace]
 44770 | Crypt:1  | Lost mutation: You are frail. (-10% HP) [Jiyva's grace]
 44770 | Crypt:1  | Lost mutation: You occasionally lose the ability to read
                  | scrolls when taking damage. [Jiyva's grace]
 44770 | Crypt:1  | Gained mutation: You have acidic saliva. [Jiyva's grace]
 44770 | Crypt:1  | Gained mutation: Your skin changes colour to match your
                  | surroundings (Stealth+). [Jiyva's grace]
 44770 | Crypt:1  | Gained mutation: Your skin blends seamlessly with your
                  | surroundings (Stealth++). [Jiyva's grace]
 44770 | Crypt:1  | Gained mutation: Your skin perfectly mimics your
                  | surroundings (Stealth+++). [Jiyva's grace]
 45083 | Crypt:1  | Reached skill level 20 in Axes
 45422 | Crypt:1  | Identified the +9 quarterstaff "Ibugaro" {flame, rPois rN+}
 45684 | Crypt:2  | Noticed Boris
 45736 | Crypt:2  | Noticed Bai Suzhen
 45744 | Crypt:1  | Killed Boris
 45785 | Crypt:1  | Killed Bai Suzhen
 45796 | Crypt:2  | Reached XP level 24. HP: 179/197 MP: 35/35
 45909 | Crypt:2  | Reached skill level 10 in Dodging
 46260 | Crypt:3  | Entered Level 3 of the Crypt
 46435 | Crypt:3  | Found a staircase to the Tomb.
 46895 | Crypt:3  | Identified the +0 scale mail of the Forgotten Hosts {rF+
                  | Will+ Str+6}
 46926 | Crypt:3  | Reached skill level 15 in Armour
 46930 | Crypt:3  | Found a basalt altar of Yredelemnul.
 47185 | Crypt:3  | Identified the ring of Buitupte {rF+ rN+}
 47185 | Crypt:3  | Identified the ring "Urghos" {rN+ Str+2}
 48008 | Shoals:1 | Lost mutation: You have razor-sharp toenails. [Jiyva's
                  | grace]
 48008 | Shoals:1 | Lost mutation: Your skin perfectly mimics your surroundings
                  | (Stealth+++). [Jiyva's grace]
 48008 | Shoals:1 | Lost mutation: Your skin blends seamlessly with your
                  | surroundings (Stealth++). [Jiyva's grace]
 48008 | Shoals:1 | Lost mutation: You are highly strong-willed. (Will++)
                  | [Jiyva's grace]
 48008 | Shoals:1 | Lost mutation: Armour fits poorly on your pseudopods.
                  | [Jiyva's grace]
 48008 | Shoals:1 | Gained mutation: You have an increased reservoir of magic.
                  | (+10% MP) [Jiyva's grace]
 48008 | Shoals:1 | Gained mutation: You have a considerably increased
                  | reservoir of magic. (+20% MP) [Jiyva's grace]
 48008 | Shoals:1 | Gained mutation: You have a greatly increased reservoir of
                  | magic. (+30% MP) [Jiyva's grace]
 48008 | Shoals:1 | Gained mutation: Your muscles are strong. (Str +4, Int/Dex
                  | -1) [Jiyva's grace]
 48078 | Shoals:1 | Found a runed translucent door.
 48113 | Shoals:1 | Acquired a manual of Axes
 48303 | Orc:2    | Bought a scroll of enchant armour for 112 gold pieces
 48344 | Orc:1    | Bought a pair of runed boots for 217 gold pieces
 48394 | Orc:2    | Bought the ring of the Tortoise {AC+8} for 2176 gold pieces
 48394 | Orc:2    | Found the ring of the Tortoise {AC+8}
 48749 | Shoals:1 | Noticed Josephine
 48759 | Shoals:1 | Killed Josephine
 48788 | Shoals:1 | You are sucked into a shaft and drop 1 floor!
 48790 | Shoals:2 | Found a frozen archway.
 48801 | Shoals:2 | Reached skill level 21 in Axes
 48824 | IceCv    | Entered an ice cave
 49175 | IceCv    | Identified the +1 steam dragon scales of the Blue Skies
                  | {Contam +Blink rC+}
 49188 | IceCv    | Noticed a shard shrike
 49206 | IceCv    | Killed a shard shrike
 49207 | IceCv    | Reached skill level 22 in Axes
 49516 | Shoals:2 | Reached XP level 25. HP: 196/205 MP: 46/46
 49924 | Shoals:2 | Identified Roxanne's Essays on Cleavage
 49924 | Shoals:2 | Noticed Roxanne
 49937 | Shoals:2 | Killed Roxanne
 50028 | Shoals:2 | Reached skill level 1 in Air Magic
 50028 | Shoals:2 | Reached skill level 1 in Poison Magic
 50287 | Shoals:2 | Lost mutation: You have razor-sharp teeth. [Jiyva's grace]
 50287 | Shoals:2 | Gained mutation: You are covered in fur. (AC +1) [Jiyva's
                  | grace]
 50287 | Shoals:2 | Gained mutation: You are covered in thick fur. (AC +2)
                  | [Jiyva's grace]
 50287 | Shoals:2 | Gained mutation: Your thick and shaggy fur keeps you warm.
                  | (AC +3, rC+) [Jiyva's grace]
 50287 | Shoals:2 | Gained mutation: You are somewhat resistant to further
                  | mutation. [Jiyva's grace]
 50514 | Shoals:3 | Noticed Aizul
 50522 | Shoals:3 | Killed Aizul
 50530 | Shoals:3 | Noticed Ilsuiw
 50567 | Shoals:3 | HP: 14/307 [water nymph/the raging water (8)]
 50567 | Shoals:3 | Killed from afar by a water nymph

Illustrated notes

Levels and vault maps discovered:
D:1:      sevenhm_arrival_forest_fort_large_4, layout_loops_ring
D:2:      layout_basic, basic_altar, basic_ecumenical_altar,
          chequers_serial_rivers_large_a, minmay_pentomino_q4
D:3:      layout_basic, gammafunk_ghost_mausoleum, serial_shops, shop
D:4:      layout_cave_pods, mainiacjoe_overflow_divided_tiny,
          chequers_decorated_corner, nicolae_specific_store
D:5:      layout_loops_ring, jmf_multi_god_temple2,
          minmay_temple_entry_large_hall, serial_bayou_pond_b
D:6:      layout_cave_pools, mainiacjoe_overflow_chevrons,
          general_overflow_altar, lemuel_crystal_altar, palyth_stone_intersect
D:7:      layout_loops_corners, fiery_altar_vehumet,
          mainiacjoe_overflow_surrounded_room, okawaru_trees_2
D:8:      layout_gridville, dpeg_lair_monsters, chequers_serial_rivers_micro_a
D:9:      layout_loops_cross, nicolae_overflow_crystal_walls, orc_0_dummy,
          item_on_display_a
D:10:     layout_loops_cross, chequers_jeans, doesnt_shop_hydraphobe
D:11:     layout_cave_pools
D:12:     layout_basic
D:13:     layout_basic, grunt_vaults_entry_tiered, nicolae_fountain_basement
D:14:     minmay_mutant_horseshoe, layout_gridville, minmay_holes
D:15:     gammafunk_enter_depths_forms, layout_stronghold, ebering_ghost_xom,
          minmay_misc_feat_pillars
Lair:1:   layout_regular_city, hangedman_lair_generics_rect, grunt_megastairs_1,
          uniq_sonja, uniq_fannar, uniq_amaemon
Lair:2:   layout_hall_layers, minmay_shoals_entry_centaurs,
          gammafunk_ghost_wrathful_warriors
Lair:3:   nzn_winding_woodlands_stair_cross [nzn_winding_woodlands_5x15_cabin,
          nzn_winding_woodlands_center_garden, nzn_winding_woodlands_5x15_pool,
          nzn_winding_woodlands_5x5_checkerboard,
          nzn_winding_woodlands_hourglass,
          nzn_winding_woodlands_5x15_lazy_stream,
          nzn_winding_woodlands_center_pierced_h,
          nzn_winding_woodlands_5x15_eye], layout_loops_ring,
          spider_nest_entry_rubble
Lair:4:   layout_cave_shapes, nicolae_volcano_entry_vermiform, minivault_19
Lair:5:   guppyfry_lair_end_dragon, layout_regular_city,
          hangedman_lair_caniforms_friends, slime_entry_1, fungi_pond_lemuel,
          uniq_kirke, uniq_rupert
Shoals:1: nicolae_shoals_offshore_bank_account, layout_shoals,
          nicolae_shoals_shepherds, uniq_josephine
Shoals:2: layout_shoals, portal_ice_cave_entry_ice_simulacra, kb_tengu_band,
          uniq_roxanne
Shoals:3: layout_shoals, nicolae_shoals_square_sea_wall,
          nicolae_shoals_nymph_descending_staircase, uniq_ilsuiw, uniq_aizul
Spider:1: layout_spider_delve, spiders_nest_hornet_nest
Spider:2: layout_cave_pods, nicolae_spider_checkerboard
Spider:3: layout_cave_pods, drop_trap
Spider:4: hellmonk_spider_rune_endless_swarm
Slime:1:  layout_caves
Slime:2:  nicolae_slime_pool, layout_caves
Slime:3:  layout_caves
Slime:4:  layout_caves
Slime:5
Orc:1:    layout_caves, serial_shops, shop, uniq_harold
Orc:2:    grunt_orc_gardens, layout_caves, grunt_orc_garden, grunt_orc_garden,
          grunt_orc_garden, grunt_orc_garden, serial_shops,
          nicolae_shop_drivethru, shop, nicolae_orc_lost_temple, uniq_saint_roka
Elf:1:    nicolae_elf_arrival_fired_up, layout_gridlike, serial_shops,
          nicolae_shop_tiny_glass, minivault_28, uniq_jorgrun, uniq_nikola
Elf:2:    elven_hall_of_blades_hangedman_original
          [nicolae_blade_entry_crossed_weapons], layout_geoelf_diagonals,
          nicolae_concentric_dashed_squares_wild
Elf:3:    grunt_elf_hall_asides, layout_geoelf_castle, enter_trove_3,
          st_stairs_5, uniq_zenata
Vaults:1: mu_enter_wizlab_6, hangedman_vaults_nails, hangedman_vaults_stream,
          hangedman_vaults_capsules, hangedman_vaults_nails,
          nicolae_vaults_storage_closets_2, nicolae_vaults_octothorpe,
          layout_vaults_chaotic_city
Vaults:2: vaults_room_large_hall, nicolae_vaults_alarming,
          vaults_room_fancy_cross, vaults_room_grunt_arrival_ludios,
          vaults_dpeg_hooks, nicolae_vaults_network_square,
          nicolae_vaults_offset_grid_hallway_4, nicolae_vaults_trapezoid_2,
          grunt_vaults_swirl, ontoclasm_vaults_chip,
          nicolae_vaults_heart-shaped_vault, vaults_room_ringed_pool,
          layout_vaults_omnicross, uniq_donald
Vaults:3: nicolae_vaults_offset_grid_hallway_3,
          minmay_crypt_entry_simple_statues, vaults_dpeg_emergency_exit,
          nicolae_vaults_big_angled_halls,
          vaults_standard_mumra_enter_the_diamond, hangedman_vaults_cutoff,
          v_pattern_2, grunt_vaults_funnel, nicolae_vaults_surprise_closet_hard,
          layout_vaults_omnigrid, serial_shops, nicolae_shop_statue_plus
Vaults:4: ontoclasm_vaults_ring_square, vaults_mumra_chevron,
          nicolae_vaults_hallways_thing, v_misc_16, v_misc_14,
          vaults_mumra_minichess_inversion, nicolae_vaults_network_barrier,
          vaults_room_glass_cross, nicolae_vaults_little_squares_4,
          nicolae_vaults_trapezoid_lopsided_3, v_misc_28,
          ontoclasm_vaults_ring_large, layout_vaults_omnibox, uniq_margery
Vaults:5: serial_shops
Crypt:1:  minmay_skeleton_keep, layout_chaotic_city
Crypt:2:  layout_rooms, roderic_lattice_octagonal_star, uniq_bai_suzhen,
          uniq_boris
Crypt:3:  church_of_pain_bobbens, layout_chaotic_city,
          nicolae_tomb_entry_unfolded_pyramid_diagonal
Depths:1: minmay_the_grid_octo_tiled_octocenter_mashed
          [minmay_the_grid_octo_horde, minmay_the_grid_octo_77,
          minmay_the_grid_octo_thin_diamonds, minmay_the_grid_octo_checkered,
          minmay_the_grid_octo_prize_ultimate_mussel_roller,
          minmay_the_grid_square_5x5_beaten_path,
          minmay_the_grid_square_5x5_trominoes, minmay_the_grid_square_5x5_c,
          minmay_the_grid_square_5x5_three_small], layout_cave_pools,
          gammafunk_ghost_split, grunt_hell_entry_dis_old, nrook_mini_vaults,
          abyss_entry_small_statue_room, nicolae_hepliaklqana_hazy_memory
Depths:2: dreamdust_merry_men, layout_cave_pools, pf_coc_iceberg,
          rand_demon_pan_entry_1, minmay_staircase_windowed_small,
          minmay_shoptagon
Depths:3: evilmike_diamond_2, layout_cave_pools, enter_ziggurat_c,
          kennysheep_cross_bottleneck, hell_entry, abyss_entry,
          hangedman_decor_growths, infiniplex_staircase_x, uniq_frederick
Depths:4: evilmike_zot_entry_round, layout_gridlike, hellmouth_1, hex_tiny,
          minmay_misc_feat_doors
Zot:1:    layout_gridlike

Skill      XL: |  1  2  3  4  5  6  7  8  9 10 11 12 13 14 15 16 17 18 19 20 21 22 23 24 25 |
---------------+----------------------------------------------------------------------------+-----
Armour         | 3 4 5 6 7 8 10 11 12 13 14 15 | 15.1
Axes           | 2 3 4 5 6 7 9 10 11 12 13 14 15 16 17 18 19 20 22 | 22.8
Shields        | 3 4 5 6 7 8 9 10 11 12 13 14 15 16 17 18 | 18.5
Evocations     | 1 2 3 4 5 6 7 8 9 10 11 12 13 14 | 14.0
Dodging        | 1 2 3 4 5 6 7 8 9 10 | 10.5
Throwing       | 1 2 3 4 5 6 7 8 9 10 11 12 | 12.6
Fighting       | 4 5 6 7 8 9 10 11 12 13 14 15 16 17 18 | 18.4
Stealth        | 1 2 4 5 6 7 8 9 10 11 | 11.6
Spellcasting   | 5 6 7 8 |  8.8
Transmutations | 5 |  5.0
Earth Magic    | 2 3 |  3.0
Air Magic      | 3 |  3.4
Poison Magic   | 3 |  3.7

Action                     |  1- 3 |  4- 6 |  7- 9 | 10-12 | 13-15 | 16-18 | 19-21 | 22-24 | 25-27 || total
---------------------------+-------+-------+-------+-------+-------+-------+-------+-------+-------++-------
  Melee: War axe           |    42 |       |       |       |   977 |   452 |       |       |       ||  1471
         Hand axe          |    74 |    86 |   114 |   648 |   297 |       |       |       |       ||  1219
         Bite              |       |       |       |     1 |   119 |       |   200 |   349 |    13 ||   682
         Broad axe         |       |       |       |       |    44 |  1025 |  1694 |  1667 |   121 ||  4551
         Pseudopods        |       |       |       |       |       |       |   479 |   501 |       ||   980
         Kick              |       |       |       |       |       |       |       |   212 |       ||   212
         Headbutt          |       |       |       |       |       |       |       |   457 |    37 ||   494
  Throw: Javelin           |       |       |     6 |     6 |    10 |     3 |       |     6 |       ||    31
         Dart              |       |       |     1 |       |     7 |     2 |    12 |    11 |       ||    33
         Throwing net      |       |       |       |       |       |       |     3 |       |       ||     3
   Cast: Wereblood         |       |       |       |       |       |       |     3 |       |       ||     3
 Invoke: Oozemancy         |       |       |     2 |     5 |    11 |    16 |     3 |     3 |       ||    40
  Evoke: Wand              |       |       |     6 |     5 |    17 |    19 |     6 |     2 |       ||    55
         Phantom mirror    |       |       |       |       |     2 |     2 |     2 |     1 |       ||     7
         Tin of tremorston |       |       |       |       |       |       |       |     2 |       ||     2
    Use: Scroll            |       |       |     7 |     8 |    17 |     9 |     2 |     8 |     1 ||    52
         Potion            |       |       |     2 |     6 |     1 |    10 |     3 |     9 |     3 ||    34
   Stab: Distracted        |       |       |     1 |       |     1 |     3 |     5 |     1 |       ||    11
         Paralysed         |       |       |       |       |     4 |     3 |       |       |       ||     7
         Sleeping          |       |       |       |       |     1 |     7 |    25 |     6 |       ||    39
         Confused          |       |       |       |       |       |    13 |    23 |       |       ||    36
 Armour: Scale mail        |    54 |       |       |       |       |       |       |       |       ||    54
         Chain mail        |    21 |    69 |    87 |   178 |   342 |   224 |       |       |       ||   921
         Plate armour      |       |       |       |   303 |   546 |   472 |       |       |       ||  1321
         Fire dragon scale |       |       |       |       |       |   191 |   512 |   243 |       ||   946
         Gold dragon scale |       |       |       |       |       |       |       |   375 |   128 ||   503
  Dodge: Dodged            |    69 |    43 |    57 |   355 |   527 |   578 |   512 |   430 |    47 ||  2618
  Block: Buckler           |    41 |    41 |    85 |   419 |    84 |       |       |       |       ||   670
         Kite shield       |       |       |       |       |  1078 |  1314 |   700 |       |       ||  3092
         Tower shield      |       |       |       |       |       |       |   394 |  1875 |   250 ||  2519
